Map: Overgrowth LE (Void)

Players

Fropez

  • Race: Protoss Protoss
  • League: Gold
  • Spawn Location: 7:00

oTIMELESSo - Winner!

  • Race: Protoss Protoss
  • League: Platinum
  • Spawn Location: 1:00

VOD

Have the link to the VOD?

Description

Time

  • Played on: Jan. 10, 2017, 10:17 a.m.
  • Length: 2:57
Show
View Real Time Build Order
Export as new Build Order

Fropez Protoss 

Build Orders: Nexus First 

Get SALT Encoding   

  12  0:01  Probe (Chrono Boost)  
  13  0:11  Probe (Chrono Boost)  
  14  0:29  Pylon, Probe (Chrono Boost)  
  15  0:53  Nexus  
  15  1:05  Gateway  
  15  1:07  Probe (Chrono Boost)  
  16  1:41  Probe (Chrono Boost)  
  17  1:49  Assimilator  
  17  1:52  Probe (Chrono Boost)  
  18  2:04  Pylon, Probe (Chrono Boost)  
  19  2:14  Probe (Chrono Boost)  
  20  2:19  Probe (Chrono Boost)  
  21  2:25  Cybernetics Core  
  21  2:26  Probe (Chrono Boost)  
  23  2:38  Gateway  
  23  2:41  Pylon  
  23  2:46  Pylon  
Show
View Real Time Build Order
Export as new Build Order

oTIMELESSo Protoss - Winner!

Build Orders:  

Get SALT Encoding   

  12  0:01  Probe (Chrono Boost)  
  13  0:22  Pylon  
  13  0:23  Probe (Chrono Boost)  
  14  0:33  Probe (Chrono Boost)  
  15  0:44  Probe (Chrono Boost)  
  15  0:45  Gateway  
  16  0:54  Probe (Chrono Boost)  
  17  0:58  Assimilator  
  17  1:03  Assimilator  
  17  1:05  Probe (Chrono Boost)  
  18  1:18  Pylon  
  18  1:21  Forge  
  18  1:23  Probe (Chrono Boost)  
  19  1:29  Zealot  
  19  1:35  Probe (Chrono Boost)  
  23  1:47  Probe (Chrono Boost)  
  23  1:57  Photon Cannon  
  23  1:59  Probe (Chrono Boost)  
  24  2:02  Pylon  
  24  2:12  Probe (Chrono Boost)  
  25  2:18  Cybernetics Core  
  26  2:24  Probe (Chrono Boost)  
  26  2:33  Photon Cannon  
  26  2:36  Probe (Chrono Boost)  
  27  2:47  Photon Cannon  
Tags
 
Matchup
PvP
Replay Pack
All Mines
Spawn Locations
Cross Positions
Add a new tag
Caveats
  • Supply blocks, unpowered buildings, or Contaminate may cause inaccurate times.
  • Supply counts are checked every 10 seconds.